 Dungeon Crawl Stone Soup version 0.23.1 (webtiles) character file.

Game seed: 5573776553191236509

5 Gargoyl the Skirmisher (level 1, 13/19 HPs)
             Began as a Centaur Abyssal Knight on Mar 12, 2019.
             Was an Initiate of Lugonu.
             Quit the game on level 1 of the Dungeon.
             The game lasted 00:01:32 (256 turns).

Gargoyl the Skirmisher (Centaur Abyssal Knight)      Turns: 256, Time: 00:01:33

Health: 13/19      AC:  5    Str: 14    XL:     1   Next: 66%
Magic:  1/2        EV:  8    Int: 11    God:    Lugonu [......]
Gold:   20         SH:  0    Dex:  8    Spells: 0/0 levels left

rFire    + . .     SeeInvis .   a - +1 hand axe
rCold    . . .     Gourm    .   (no shield)
rNeg     . . .     Faith    +   d - +0 ring mail
rPois    .         Spirit   .   (no helmet)
rElec    .         Reflect  .   (no cloak)
rCorr    .         Harm     .   (no gloves)
MR       .....                  (no barding)
Stlth    ..........             f - amulet of faith
HPRegen  0.00/turn              e - ring of protection from fire
MPRegen  0.08/turn              (no ring)

@: non-regenerating, diseased, very quick
A: large, hooves 3, deformed body, speed 2, tough skin 3
a: Renounce Religion


You were on level 1 of the Dungeon.
You worshipped Lugonu.
Lugonu was noncommittal.
You were not hungry.

You visited 1 branch of the dungeon, and saw 1 of its levels.
You visited the Abyss 1 time.

You collected 20 gold pieces.

Inventory:

Hand Weapons
 a - a +1 hand axe (weapon)
Armour
 b - a +0 leather armour
 d - a +0 ring mail (worn)
Jewellery
 e - a ring of protection from fire (left hand)
 f - an amulet of faith (around neck)
Scrolls
 g - a scroll of remove curse
Comestibles
 c - a ration


   Skills:
 + Level 3.0 Fighting
 + Level 1.7 Axes
 + Level 1.3 Armour
 + Level 1.2 Dodging
 + Level 2.0 Invocations


You couldn't memorise any spells.
You didn't know any spells.
Your spell library was empty.

Dungeon Overview and Level Annotations

Branches:
Dungeon (1/15)

Altars:


Innate Abilities, Weirdness & Mutations

You have hooves in place of feet.
Armour fits poorly on your strangely shaped body.
You cover ground very quickly.
You have extremely tough skin. (AC +3)


Message History

f - a scroll labeled KEPSAA AFRA
As you read the scroll labeled KEPSAA AFRA, it crumbles to dust.
It is a scroll of amnesia.
You feel forgetful for a moment.
You feel ill.
A quasit comes into view.
The quasit gives a chilling moan.
A raiju comes into view.
The raiju barks!
The raiju moves out of view.
Found a twisted platinum amulet.
Found a long sword.
You see here a twisted platinum amulet.
f - a twisted platinum amulet You pass through the gate.
You can no longer depart the Abyss at will.
Found the centaur skeleton of Gargoyl.
There is a staircase leading out of the dungeon here.
You feel a surge of divine interest.
f - an amulet of faith (around neck) Are you sure you want to abandon this character and quit the game? (Confirm with "yes".)

#######
#.....#
#..@..#
#.....#
#.###.#
#.#รท#.#
#.###.#
#.....#
#.....#
#.....#


There were no monsters in sight!

Vanquished Creatures
  An ufetubus (Abyss:2)
  A lurking horror (Abyss:4)
2 creatures vanquished.

Notes
Turn   | Place    | Note
-------+----------+-------------------------------------------
     0 | Abyss:1  | Gargoyl the Centaur Abyssal Knight began the quest for the
                  | Orb.
     0 | Abyss:1  | Reached XP level 1. HP: 19/19 MP: 2/2
     8 | Abyss:2  | Found a corrupted altar of Lugonu.
    74 | Abyss:2  | Noticed a raiju
    74 | Abyss:2  | Noticed a raiju
    79 | Abyss:2  | Noticed an ancient zyme
    79 | Abyss:2  | Noticed a shadow dragon skeleton
    96 | Abyss:2  | Reached skill level 1 in Dodging
   110 | Abyss:2  | Noticed a rust devil
   170 | Abyss:3  | Noticed a small abomination
   191 | Abyss:4  | Found a corrupted altar of Lugonu.
   197 | Abyss:4  | Got a pitted ring mail
   208 | Abyss:4  | Identified the +6 ring mail of Nutac {rC- Str-5 Dex+7
                  | Stlth+} (You found it on level 4 of the Abyss)
   216 | Abyss:4  | Noticed a neqoxec
   230 | Abyss:4  | Noticed an ancient zyme
   237 | Abyss:4  | Noticed a quasit
   247 | Abyss:4  | Noticed a raiju
   254 | D:1      | Escaped the Abyss
   256 | D:1      | Quit the game

Skill      XL: |  1 |
---------------+----+-----
Dodging        | 1 |  1.2
Fighting       | |  3.0
Axes           | |  1.7
Armour         | |  1.3
Invocations    | |  2.0

Action                   || total
-------------------------++-------
Melee: Hand axe          ||     2
       Kick              ||     2
Invok: Depart the Abyss  ||     1
  Use: Scroll            ||     3
       Potion            ||     1
